 Dungeon Crawl Stone Soup version 0.19.0-20-gbc5f0c6 (webtiles) character file.

11734 kae the Bludgeoner (level 12, -4/83 HPs)
             Began as a Formicid Fighter on Nov 17, 2016.
             Was a High Priest of Okawaru.
             Killed from afar by a fire giant (14 damage)
             ... with a fireball
             ... on level 10 of the Dungeon.
             The game lasted 00:14:28 (12550 turns).

kae the Bludgeoner (Formicid Fighter)              Turns: 12550, Time: 00:14:28

Health: -4/83      AC: 12    Str: 37    XL:     12   Next: 11%
Magic:  18/18      EV: 13    Int:  5    God:    Okawaru [*****.]
Gold:   598        SH: 13    Dex: 10    Spells: 0 memorised, 11 levels left

rFire  + . .     SeeInvis +     w - +3 whip (chaos)
rCold  x . .     Gourm    .     L - +1 ring mail of Leapfrog {rCorr Str+7 Int-4}
rNeg   . . .     Faith    .     c - +0 shield
rPois  +         Spirit   .     (helmet unavailable)
rElec  .         Reflect  .     x - +0 cloak
rCorr  +         Harm     .     K - +0 pair of gloves {archery}
MR     +....                    v - +0 pair of boots
Stlth  ++........               (no amulet)
                                s - ring of poison resistance
                                Q - ring of fire

@: mighty, heroism
A: permanent stasis, dig shafts and tunnels, four strong arms, antennae 3
a: Dig, Shaft Self, Heroism, Finesse, Renounce Religion


You were on level 10 of the Dungeon.
You worshipped Okawaru.
Okawaru was extremely pleased with you.
You were not hungry.

You visited 1 branch of the dungeon, and saw 10 of its levels.

You collected 598 gold pieces.

Inventory:

Hand Weapons
 a - a +0 flail
 g - a +0 whip
 w - a +3 whip of chaos (weapon)
Armour
 b - a +1 scale mail
 c - a +0 shield (worn)
 v - a +0 pair of boots (worn)
 x - a +0 cloak (worn)
 K - a +0 pair of gloves of archery (worn)
 L - the +1 ring mail of Leapfrog (worn) {rCorr Str+7 Int-4}
   (You found it on level 9 of the Dungeon)

   It affects your strength (+7).
   It affects your intelligence (-4).
   It protects you from acid and corrosion.
Jewellery
 s - a ring of poison resistance (right hand)
 z - an uncursed ring of wizardry
 N - a +1 ring of evasion
 Q - a ring of fire (left hand)
Wands
 A - a wand of disintegration (9/24)
 E - a wand of enslavement (15/24)
 G - a wand of teleportation (5/9)
 M - a wand of confusion (25/48)
 P - a wand of teleportation (2/9)
Scrolls
 k - 2 scrolls of remove curse
 u - a scroll of fog
 y - 5 scrolls of amnesia
 H - 2 scrolls of enchant armour
 I - a scroll of magic mapping
Potions
 e - 3 potions of curing
 j - a potion of cure mutation {unknown}
 p - a potion of magic
 q - 2 potions of ambrosia
 r - a potion of lignification {unknown}
 t - 3 potions of flight {unknown}
 D - a potion of haste {unknown}
 J - a potion of cancellation {unknown}
Books
 n - a book of Cantrips

   Spells                             Type                      Level
   a - Confusing Touch                Hexes                        1
   b - Animate Skeleton               Necromancy                   1
   c - Summon Small Mammal            Summoning                    1
   d - Apportation                    Translocation                1
 F - a book of Minor Magic

   Spells                             Type                      Level
   a - Magic Dart                     Conjuration                  1
   b - Blink                          Translocation                2
   c - Call Imp                       Summoning                    2
   d - Repel Missiles                 Charms/Air                   2
   e - Slow                           Hexes                        2
   f - Conjure Flame                  Conjuration/Fire             3
   g - Mephitic Cloud                 Conjuration/Poison/Air       3
Comestibles
 f - 3 bread rations
 h - 3 beef jerkies
 i - 8 meat rations
 l - 3 slices of pizza
 m - a royal jelly
 B - 2 fruits


   Skills:
 - Level 4.1(9.1) Fighting
 + Level 15.9(20.9) Maces & Flails
 - Level 4.1(9.1) Armour
 - Level 4.4(9.4) Shields
 - Level 8.0 Invocations


You had 11 spell levels left.
You didn't know any spells.

Dungeon Overview and Level Annotations

Branches:
Dungeon (10/15)            Temple (0/1) D:5
   Lair: D:8-11         Orc: D:9-12

Altars:
Cheibriados
Fedhas
Gozag
Hepliaklqana
Makhleb
Nemelex Xobeh
Okawaru
Uskayaw
Xom
Zin

Shops:
D:7 [   D:8 %


Innate Abilities, Weirdness & Mutations

You are under a permanent stasis effect.
You can dig through walls and to a lower floor.
Your four strong arms can wield two-handed weapons with a shield.
You have a pair of large antennae on your head. (SInv)


Message History

* * * LOW HITPOINT WARNING * * *
You barely miss the fire giant. You whack the fire giant!
The fire giant looks as sick as possible!
The fire giant looks momentarily confused.
The fire giant is lightly wounded.
The orc barely misses you.
You hit the fire giant.
The fire giant is moderately wounded.
The fire giant points at you and mumbles some strange words.
The bolt of fire hits you! You resist.
* * * LOW HITPOINT WARNING * * *
You whack the fire giant!
The fire giant is heavily wounded.
You block the orc's attack.
You whack the fire giant!
The fire giant seems to speed up.
The fire giant is heavily wounded.
The fire giant casts a spell at you.
The fireball explodes!
The fireball engulfs you! You resist.
You die...

#..$........>..####..#
####....(..#.#...........
..# #o.##.#..........#
#.# #..(......%.......
#.#### ##..###>..........
#....## ##.# #..[.......#
####..####.#
#.[.........##
##......###.#().......?#
######.....o@##.#.#...
####.###Cb.#.....
#...###...###
#..8..###)...#
#...{.{{###.).######
#.##(..##$###)....... ..
..... ..##.......# ..
.8=8. ..#..>...##
.........


You could see a fire giant (invisible), a fire bat and an orc.

Vanquished Creatures
  A catoblepas (D:9)
  The ghost of tv1990 the Blocker, a novice FoCj of Sif Muna (D:9)
  2 hill giants
  2 ugly things (D:9)
  Psyche (D:8)
  A troll (D:9)
  A two-headed ogre (D:9)
  Grinder (D:3)
  Prince Ribbit (D:8)
  A hippogriff (D:9)
  Sigmund (D:4)
  A shadow (D:9)
  6 yaks
  2 wyverns (D:9)
  Eustachio (D:6)
  2 fire bats (D:9)
  A hungry ghost (D:8)
  2 water moccasins
  8 orc warriors
  2 ice beasts
  2 phantoms
  A sky beast (D:8)
  5 ogres
  4 centaurs
  2 big kobolds
  4 bullfrogs
  2 gnoll sergeants (D:7)
  2 wyvern skeletons
  2 scorpions (D:7)
  4 killer bees (D:8)
  8 wights
  5 howler monkeys
  3 crimson imps
  A centaur zombie (D:9)
  2 bullfrog zombies (D:7)
  11 hounds
  2 jellies
  A gnoll shaman (D:5)
  4 orc priests
  4 bullfrog skeletons
  3 iguanas (D:9)
  Ijyb (D:3)
  Natasha (D:3)
  12 orc wizards
  11 worker ants
  A killer bee zombie (D:7)
  A hound zombie (D:8)
  2 hound skeletons (D:4)
  A howler monkey zombie (D:5)
  15 gnolls
  7 adders
  A howler monkey skeleton (D:8)
  3 shadow imps
  An ooze (D:1)
  An adder zombie (D:9)
  4 adder skeletons
  2 worms
  A dart slug (D:3)
  9 leopard geckos
  41 orcs
  9 bats
  15 giant cockroaches
  4 goblins
  13 hobgoblins
  3 jackals (D:6)
  4 quokkas
  2 ball pythons
  A frilled lizard (D:3)
  15 kobolds
  9 rats
300 creatures vanquished.

Notes
Turn   | Place    | Note
-------+----------+-------------------------------------------
     0 | D:1      | kae the Formicid Fighter began the quest for the Orb.
     0 | D:1      | Reached XP level 1. HP: 18/18 MP: 1/1
    84 | D:1      | Reached XP level 2. HP: 24/24 MP: 2/2
   318 | D:1      | Reached XP level 3. HP: 28/30 MP: 3/3
   851 | D:2      | Found an opulent altar of Gozag.
  1033 | D:2      | Reached XP level 4. HP: 34/37 MP: 4/4
  1410 | D:2      | Found a faded altar of an unknown god.
  1410 | D:2      | Found a faded altar of an unknown god.
  1417 | D:2      | Found a faded altar of an unknown god.
  1419 | D:2      | Found a hazy altar of Hepliaklqana.
  1421 | D:2      | Found a faded altar of an unknown god.
  1538 | D:2      | Reached XP level 5. HP: 42/42 MP: 5/5
  1794 | D:3      | Noticed Ijyb
  1811 | D:3      | Killed Ijyb
  1811 | D:3      | Reached skill level 3 in Maces & Flails
  1897 | D:3      | Noticed Grinder
  1922 | D:3      | Killed Grinder
  1922 | D:3      | Reached skill level 5 in Maces & Flails
  1922 | D:3      | Reached XP level 6. HP: 23/48 MP: 6/6
  2017 | D:3      | Found a blossoming altar of Fedhas.
  2218 | D:3      | Found a shimmering altar of Xom.
  2487 | D:3      | Noticed Natasha
  2496 | D:3      | Killed Natasha
  2496 | D:3      | Reached XP level 7. HP: 50/54 MP: 7/7
  2709 | D:4      | Reached skill level 6 in Maces & Flails
  2978 | D:4      | Found an iron altar of Okawaru.
  2990 | D:4      | Became a worshipper of Warmaster Okawaru
  3078 | D:4      | Reached skill level 7 in Maces & Flails
  3153 | D:4      | Noticed Sigmund
  3169 | D:4      | Killed Sigmund
  3169 | D:4      | Reached skill level 8 in Maces & Flails
  3169 | D:4      | Reached XP level 8. HP: 30/60 MP: 8/8
  3704 | D:5      | Entered Level 5 of the Dungeon
  3856 | D:5      | Found a glowing silver altar of Zin.
  3881 | D:5      | Reached * piety under Okawaru
  4089 | D:5      | Found a staircase to the Ecumenical Temple.
  4151 | D:5      | Noticed a yak
  4155 | D:5      | Noticed a yak
  4156 | D:5      | Noticed a yak
  4158 | D:5      | Noticed a yak
  4158 | D:5      | Killed a yak
  4158 | D:5      | Reached skill level 9 in Maces & Flails
  4160 | D:5      | Noticed a yak
  4170 | D:5      | Killed a yak
  4170 | D:5      | Reached XP level 9. HP: 63/65 MP: 6/9
  4175 | D:5      | Reached skill level 10 in Maces & Flails
  4187 | D:5      | Reached ** piety under Okawaru
  4243 | D:5      | You fall through a shaft!
  4731 | D:5      | Found an opulent altar of Gozag.
  4732 | D:5      | Found a burning altar of Makhleb.
  4735 | D:5      | Found a hide-covered altar of Uskayaw.
  4961 | D:6      | Reached skill level 5 in Invocations
  5170 | D:6      | Reached *** piety under Okawaru
  5652 | D:6      | Reached skill level 11 in Maces & Flails
  5898 | D:6      | Noticed Eustachio
  5911 | D:6      | Killed Eustachio
  5911 | D:6      | Reached XP level 10. HP: 68/71 MP: 14/14
  6278 | D:7      | Found Tousmus's Antique Armour Boutique.
  7082 | D:7      | Found a snail-covered altar of Cheibriados.
  7631 | D:8      | Found a sparkling altar of Nemelex Xobeh.
  7666 | D:8      | Reached skill level 12 in Maces & Flails
  7697 | D:8      | HP: 3/71 [poisoned by a killer bee]
  7703 | D:8      | HP: 2/71 [poisoned by a killer bee]
  7711 | D:8      | HP: 2/71 [poisoned by a killer bee]
  8064 | D:8      | Reached **** piety under Okawaru
  8093 | D:8      | Noticed Prince Ribbit
  8099 | D:8      | Killed Prince Ribbit
  8220 | D:8      | Noticed Psyche
  8243 | D:8      | Killed Psyche
  8443 | D:8      | Found Xatuw's Food Boutique.
  8487 | D:8      | Reached skill level 13 in Maces & Flails
  8900 | D:9      | Noticed tv1990's ghost (novice FoCj)
  8928 | D:9      | Killed tv1990's ghost
  8928 | D:9      | Reached ***** piety under Okawaru
  8928 | D:9      | Reached XP level 11. HP: 73/77 MP: 17/17
  9075 | D:9      | Received a gift from Okawaru
  9351 | D:9      | Reached skill level 14 in Maces & Flails
  9378 | D:9      | Got a fine ring mail
  9389 | D:9      | Identified the +1 ring mail of Leapfrog {rCorr Str+7 Int-4} (You found it on level 9 of the Dungeon)
  9416 | D:9      | Noticed a brown ugly thing
  9418 | D:9      | Noticed a cyan ugly thing
  9447 | D:9      | Killed a white ugly thing
  9459 | D:9      | Killed a brown ugly thing
  9492 | D:9      | Noticed a catoblepas
  9517 | D:9      | Killed a catoblepas
 10086 | D:9      | Reached skill level 15 in Maces & Flails
 11043 | D:10     | Entered Level 10 of the Dungeon
 11094 | D:9      | HP: 3/77 [fire bat (7)]
 11497 | D:10     | Noticed a hill giant
 11666 | D:9      | Killed a hill giant
 11666 | D:9      | Reached XP level 12. HP: 18/83 MP: 18/18
 12292 | D:10     | Noticed a fire giant
 12539 | D:10     | HP: 2/83 [fire giant/the +7 great mace "Firestarter" {inner flame, rF++} (31)]
 12550 | D:10     | Killed from afar by a fire giant

Skill      XL: |  1  2  3  4  5  6  7  8  9 10 11 |
---------------+----------------------------------+-----
Shields        | 4 |  4.4
Armour         | 4 |  4.1
Fighting       | 4 |  4.1
Maces & Flails | 5 8 9 11 13 15 | 15.9
Invocations    | 6 8 |  8.0

Action                   |  1- 3 |  4- 6 |  7- 9 | 10-12 || total
-------------------------+-------+-------+-------+-------++-------
Melee: Flail             |   102 |    36 |       |       ||   138
       Whip              |       |    92 |   356 |   852 ||  1300
Invok: Heroism           |       |       |     2 |     5 ||     7
 Abil: Dig               |     1 |     1 |     3 |    14 ||    19
  Use: Scroll            |     2 |     3 |     6 |     8 ||    19
       Potion            |       |     2 |       |     6 ||     8
 Stab: Petrified         |       |       |       |    10 ||    10
       Petrifying        |       |       |       |     5 ||     5
       Confused          |       |       |       |     1 ||     1
       Paralysed         |       |       |       |     1 ||     1
  Eat: Chunk             |     1 |     5 |    11 |    22 ||    39
       Fruit             |       |       |       |     2 ||     2
Armor: Scale mail        |    43 |    35 |    85 |    92 ||   255
       Ring mail         |       |       |       |    70 ||    70
Dodge: Dodged            |    35 |    31 |    56 |   162 ||   284
Block: Shield            |    47 |    56 |   125 |   258 ||   486
